 Dungeon Crawl Stone Soup version 0.26-a0-651-gb41185065b (webtiles) character file.

Game seed: 9111839967162812634

37 kae the Ruffian (level 3, 0/27 HPs)
             Began as a Demonspawn Gladiator on Oct 14, 2020.
             Was a Believer of Uskayaw.
             Succumbed to an adder's poison
             ... on level 2 of the Dungeon.
             The game lasted 00:01:08 (1497 turns).

kae the Ruffian (Demonspawn Gladiator)              Turns: 1497, Time: 00:01:08

Health: 0/27       AC:  4    Str: 15    XL:     3   Next: 23%
Magic:  3/3        EV: 12    Int:  9    God:    Uskayaw [**....]
Gold:   128        SH:  0    Dex: 14    Spells: 2/2 levels left

rFire    . . .     SeeInvis .     - Unarmed
rCold    . . .     Faith    .   (no shield)
rNeg     . . .     Spirit   .   a - +0 leather armour
rPois    .         Reflect  .   b - +0 helmet
rElec    .         Harm     .   (no cloak)
rCorr    .         Rampage  .   (no gloves)
MR       .....                  (no boots)
Stlth    +.........             (no amulet)
HPRegen  0.09/turn              (no ring)
MPRegen  0.08/turn              (no ring)

@: lethally poisoned (0 -> -13)
A: claws 1, powered by death 1
a: Stomp, Line Pass, Renounce Religion


You were on level 2 of the Dungeon.
You worshipped Uskayaw.
Uskayaw was noncommittal.
You visited 1 branch of the dungeon, and saw 2 of its levels.

You collected 128 gold pieces.

Inventory:

Missiles
 c - 3 throwing nets (quivered)
Armour
 a - a +0 leather armour (worn)
 b - a +0 helmet (worn)
Jewellery
 f - an uncursed ring of fire
Scrolls
 d - a scroll of identify
Potions
 e - a potion of lignification
 g - a potion of magic
 i - 2 potions of mutation {unknown}


   Skills:
 - Level 2.0 Fighting
 - Level 1.7 Throwing
 - Level 2.6 Dodging
 + Level 4.0 Unarmed Combat


You had 2 spell levels left.
You didn't know any spells.
Your spell library was empty.

Dungeon Overview and Level Annotations

Branches:
Dungeon (2/15)

Altars:
Uskayaw


Innate Abilities, Weirdness & Mutations

You have sharp fingernails.
You regenerate a little health from kills.


Message History

You scratch the adder but do no damage.
The adder is heavily wounded.
The adder bites you.
You are more poisoned.
The adder poisons you! The adder barely misses you.
You scratch the adder.
The adder is almost dead.
You feel sick. The adder bites you.
* * * LOW HITPOINT WARNING * * *
You are more poisoned.
The adder poisons you!
You can now pass through a line of other dancers.
You closely miss the adder.
The adder is almost dead.
* * * LOW HITPOINT WARNING * * *
You feel sick. The adder bites you.
* * * LOW HITPOINT WARNING * * *
You scratch the adder.
The adder is almost dead.
You die...

#. # .... #. . ...## #. .
#.... .####. #.... #.....
#....############.##..
.................>..
#.S...........(#...
#@#####.#.....##..
#..##.......#.........
#..##..####.#..[.###..
#..###.####.._.......# #..#
#..##....##..#... #..#
#..##..(###..#... #..#
#..##.(.# #..#..# #..#
#..###+## #..#.##
######..###...##+####......


You could see an adder.

Vanquished Creatures
  An adder (D:2)
  A worm (D:2)
  A dart slug (D:2)
  A giant cockroach (D:1)
  5 goblins
  2 hobgoblins (D:1)
  4 kobolds
  2 bats (D:1)
  6 rats
23 creatures vanquished.

Notes
Turn   | Place    | Note
-------+----------+-------------------------------------------
     0 | D:1      | kae the Demonspawn Gladiator began the quest for the Orb.
     0 | D:1      | Reached XP level 1. HP: 16/16 MP: 1/1
   201 | D:1      | Reached skill level 3 in Unarmed Combat
   417 | D:1      | Gained mutation: You regenerate a little health from kills.
                  | [demonic ancestry]
   417 | D:1      | Reached XP level 2. HP: 22/22 MP: 2/2
  1290 | D:2      | Found a hide-covered altar of Uskayaw.
  1305 | D:2      | Gained mutation: You have sharp fingernails. [demonic
                  | ancestry]
  1305 | D:2      | Reached XP level 3. HP: 16/27 MP: 3/3
  1446 | D:2      | Became a worshipper of Uskayaw the Reveler
  1455 | D:2      | Reached skill level 4 in Unarmed Combat
  1455 | D:2      | Reached * piety under Uskayaw
  1495 | D:2      | Reached ** piety under Uskayaw
  1496 | D:2      | HP: 1/27 [adder (5)]
  1497 | D:2      | Succumbed to an adder's poison

Illustrated notes

Levels and vault maps discovered:
D:1:      onia_arrival_mini_maze, layout_basic
D:2:      layout_basic, overflow_temple_1_default, old_standard_altar,
          uniq_natasha

Skill      XL: |  1  2  3 |
---------------+----------+-----
Unarmed Combat | 3 4 |  4.0
Fighting       | |  2.0
Throwing       | |  1.7
Dodging        | |  2.6

Action                   || total
-------------------------++-------
Melee: Unarmed           ||   104
       Punch             ||     1
  Use: Scroll            ||     5
 Stab: Sleeping          ||     1
Armor: Leather armour    ||    27
Dodge: Dodged            ||    77

Table legend: (Time is in decaauts)
 A = Elapsed time spent in this place.
 B = Non-inter-level travel time spent in this place.
 C = Inter-level travel time spent in this place.
 D = Time resting spent in this place.
 E = Time spent auto-exploring this place.
 F = Levels seen in this place.
 G = Mean time per level.
                   A        B        C        D        E       F      G
               +--------+--------+--------+--------+--------+-----+--------+
         Total |   1489 |   1451 |     38 |    215 |   1018 |   2 |  744.5 |
       Dungeon |   1489 |   1451 |     38 |    215 |   1018 |   2 |  744.5 |
               +--------+--------+--------+--------+--------+-----+--------+

Top non-repeatable levels by time:
     D:1: 1247 daAuts
     D:2: 241 daAuts
